 Dungeon Crawl Stone Soup version 0.14-a0-1519-gc5e2f7f (webtiles) character file.

5214 PolkaDot the Reanimator (level 10, 0/63 HPs)
             Began as a Vampire Necromancer on Dec 17, 2013.
             Was a Believer of Vehumet.
             Slain by Prince Ribbit (14 damage)
             ... on Level 9 of the Dungeon.
             The game lasted 00:49:06 (7618 turns).

PolkaDot the Reanimator (Vampire Necromancer)       Turns: 7618, Time: 00:49:07

HP   0/63        AC  6     Str  7      XL: 10   Next: 23%
MP  16/34        EV 11     Int 20      God: Vehumet [**....]
Gold 454         SH  7     Dex 14      Spells:  3 memorised, 16 levels left

rFire  + . .     SeeInvis +     a - +7 Singing Sword
rCold  . . .     Clarity  .     t - +2 robe {rF+}
rNeg   . . .     Conserve .     c - +0 buckler
rPois  .         rCorr    .     (no helmet)
rElec  .         rRot     .     p - +1 cloak
SustAb . .       Spirit   .     (no gloves)
rMut   .         Warding  .     (no boots)
Saprov . . .     Stasis   .     (no amulet)
                                (no ring)
                                g - ring of magical power

@: regenerating quickly, invisible, very slightly contaminated, somewhat
resistant to hostile enchantments, stealthy
A: bottle blood, fangs 3, see invisible, unbreathing
a: Bottle Blood, Renounce Religion


You were on level 9 of the Dungeon.
You worshipped Vehumet.
Vehumet was pleased with you.
You were very full.

You visited 2 branches of the dungeon, and saw 10 of its levels.

You collected 454 gold pieces.

Inventory:

Hand weapons
 a - the +7,+7 Singing Sword (weapon)
   (You found it on level 4 of the Dungeon)
Armour
 c - a +0 buckler (worn)
 p - a +1 cloak (worn)
 t - a +2 robe of fire resistance (worn)
 A - a +2 leather armour of fire resistance
Magical devices
 r - a wand of lightning (0)
 s - a wand of fire (2)
 v - a wand of frost (12) {unknown}
 w - a wand of invisibility (3)
Scrolls
 d - a scroll of remove curse
 e - a scroll of enchant weapon II
 m - 2 scrolls of teleportation
Jewellery
 g - a ring of magical power (left hand)
Potions
 f - a potion of might
 i - a potion of cure mutation
 j - a potion of curing
 k - a potion of resistance
 n - a potion of brilliance
 o - 2 potions of restore abilities
 q - 16 potions of blood
 u - 2 potions of speed
Books
 b - a book of Necromancy

   Spells                             Type                      Level
   Pain                               Necromancy                   1
   Animate Skeleton                   Necromancy                   1
   Lethal Infusion                    Charms/Necromancy            2
   *Vampiric Draining                 Necromancy                   3
   *Regeneration                      Charms/Necromancy            3
   Animate Dead                       Necromancy                   4
   Control Undead                     Necromancy                   4


   Skills:
 - Level 2.1 Dodging
 - Level 3.0 Stealth
 + Level 7.4 Spellcasting
 * Level 12.9 Necromancy
 * Level 5.6 Air Magic


You had 16 spell levels left.
You knew the following spells:

 Your Spells              Type           Power        Failure   Level  Hunger
a - Shock                 Conj/Air       ###.         3%          1    None
d - Vampiric Draining     Necr           ######....   1%          3    #......
r - Regeneration          Chrm/Necr      ####......   2%          3    #......


Dungeon Overview and Level Annotations

Branches:
Dungeon (9/16)             Temple (1/1) D:5
    Orc: D:9-12        Lair: D:8-11

Altars:
Ashenzari
Cheibriados
Elyvilon
Fedhas
Kikubaaqudgha
Makhleb
Nemelex Xobeh
Okawaru
Sif Muna
Trog
Vehumet
Yredelemnul
Zin
the Shining One

Annotations:
D:3 thfral's ghost, weakling DsGl
D:9 Prince Ribbit


Innate Abilities, Weirdness & Mutations

Your natural rate of healing is unusually fast.
You can bottle blood from corpses.
You have razor-sharp teeth.*
You have supernaturally acute eyesight.
You can survive without breathing.*


Message History

Aim: Prince Ribbit Prince Ribbit is moderately wounded.
You feel life coursing into your body.
You feel sick. Prince Ribbit hits you!
* * * LOW HITPOINT WARNING * * *
Drink which item? (? for menu, Esc to quit)
Okay, then.
Drink which item? (? for menu, Esc to quit)
Okay, then.
Read which item? (? for menu, Esc to quit)
Okay, then.
* * * LOW HITPOINT WARNING * * *
You feel sick.
Drink which item? (? for menu, Esc to quit)
Okay, then.
Read which item? (? for menu, Esc to quit)
Okay, then.
Okay, then.
Drink which item? (? for menu, Esc to quit)
You feel better. Prince Ribbit barely misses you. Prince Ribbit hits you!
You die...

#........# ..
#........#.%...
#........#......
#...............#
#........#.#####
#..........#
...###.)(...(.#.###
........F((........
......#.#@.(###.#..
#... #.+...# .#. .
###...# # ......
##....## ####.# .#
..


You could see Prince Ribbit.

Vanquished Creatures
  A hill giant (D:8)
  A griffon (D:8)
  An ugly thing (D:8)
  A shadow (D:8)
  A hungry ghost (D:8)
  A hippogriff (D:7)
  A manticore (D:8)
  2 phantoms
  4 ogres
  An orc warrior (D:8)
  A sky beast (D:8)
  4 centaurs
  Sigmund (D:5)
  5 giant frogs
  A killer bee (D:8)
  13 wights
  A goliath beetle (D:6)
  3 hounds
  4 crimson imps
  A giant frog skeleton (D:8)
  5 orc wizards
  Crazy Yiuf (D:7)
  A jelly (D:6)
  A scorpion (D:4)
  An orc priest (D:4)
  A killer bee zombie (D:6)
  8 worker ants
  An ogre zombie (D:6)
  A mottled dragon skeleton (D:8)
  A worker ant zombie (D:5)
  14 adders
  8 worms
  A giant eyeball (D:4)
  4 oozes
  24 orcs
  4 ball pythons
  5 giant cockroaches
  17 goblins
  16 hobgoblins
  22 kobolds
  6 quokkas
  14 bats
  7 giant geckos
  7 giant newts
  A giant spore (D:8)
  2 hobgoblin skeletons (D:5)
  13 jackals
  15 rats
249 creatures vanquished.

Vanquished Creatures (others)
  A manticore (D:9)
  A worker ant (D:8)
  An orc (D:9)
  A hobgoblin (D:8)
  A bush (D:3)
5 creatures vanquished.

Grand Total: 254 creatures vanquished

Notes
Turn   | Place    | Note
--------------------------------------------------------------
     0 | D:1      | PolkaDot, the Vampire Necromancer, began the quest for the Orb.
     0 | D:1      | Reached XP level 1. HP: 13/13 MP: 3/3
   173 | D:1      | Found a sparkling altar of Nemelex Xobeh.
   218 | D:1      | Reached XP level 2. HP: 16/19 MP: 4/4
   272 | D:1      | Reached skill level 5 in Necromancy
   842 | D:1      | Reached XP level 3. HP: 12/24 MP: 3/6
   863 | D:1      | Paralysed by a potion of paralysis for 3 turns
  1440 | D:2      | Reached skill level 6 in Necromancy
  1452 | D:2      | Learned a level 3 spell: Vampiric Draining
  1719 | D:3      | Reached XP level 4. HP: 17/29 MP: 3/7
  1778 | D:3      | Noticed thfral's ghost (weakling DsGl)
  1960 | D:3      | Found a blossoming altar of Fedhas.
  1960 | D:3      | Noticed a centaur
  2033 | D:3      | Killed a centaur
  2033 | D:3      | Reached skill level 7 in Necromancy
  2033 | D:3      | Reached XP level 5. HP: 17/34 MP: 2/9
  2038 | D:3      | Learned a level 3 spell: Regeneration
  2584 | D:4      | Reached XP level 6. HP: 34/40 MP: 12/12
  2740 | D:4      | Paralysed by a giant eyeball for 4 turns
  2746 | D:4      | Paralysed by a giant eyeball for 4 turns
  2754 | D:4      | Paralysed by a giant eyeball for 3 turns
  2759 | D:4      | Paralysed by a giant eyeball for 4 turns
  3062 | D:4      | Reached skill level 8 in Necromancy
  3368 | D:5      | Entered Level 5 of the Dungeon
  3369 | D:5      | Noticed Sigmund
  3438 | D:5      | Killed Sigmund
  3438 | D:5      | Reached XP level 7. HP: 21/45 MP: 15/15
  3624 | D:5      | Found a staircase to the Ecumenical Temple.
  3768 | Temple   | Entered the Ecumenical Temple
  4182 | D:5      | HP: 2/45 [wight/scimitar (12)]
  4216 | D:5      | Reached skill level 9 in Necromancy
  4401 | D:5      | Found a bloodstained altar of Trog.
  4692 | D:6      | Reached XP level 8. HP: 29/51 MP: 19/19
  5042 | D:6      | Reached skill level 5 in Spellcasting
  5042 | D:6      | Reached skill level 10 in Necromancy
  5077 | D:6      | Found an ancient bone altar of Kikubaaqudgha.
  5098 | D:6      | Found a burning altar of Makhleb.
  5104 | D:6      | Found a radiant altar of Vehumet.
  5108 | D:6      | Became a worshipper of Vehumet
  5656 | D:7      | Reached skill level 11 in Necromancy
  5858 | D:7      | Noticed Crazy Yiuf
  5873 | D:7      | Acquired Vehumet's first power
  5873 | D:7      | Offered knowledge of Shock by Vehumet.
  5873 | D:7      | Reached XP level 9. HP: 30/57 MP: 9/22
  5878 | D:7      | Killed Crazy Yiuf
  5900 | D:7      | Learned a level 1 spell: Shock
  6185 | D:8      | Reached skill level 1 in Air Magic
  6395 | D:8      | Noticed a hill giant
  6507 | D:8      | Killed a hill giant
  6507 | D:8      | Reached skill level 12 in Necromancy
  6895 | D:8      | Found a basalt altar of Yredelemnul.
  6895 | D:8      | Found a snail-covered altar of Cheibriados.
  6933 | D:8      | Found a deep blue altar of Sif Muna.
  7133 | D:8      | Noticed a griffon
  7149 | D:8      | Killed a griffon
  7149 | D:8      | Reached skill level 5 in Air Magic
  7149 | D:8      | Reached XP level 10. HP: 29/63 MP: 1/25
  7400 | D:8      | Offered knowledge of Throw Flame by Vehumet.
  7604 | D:9      | Noticed Prince Ribbit
  7618 | D:9      | Slain by Prince Ribbit

Action                   |  1- 3 |  4- 6 |  7- 9 | 10-12 || total
-------------------------+-------+-------+-------+-------++-------
Melee: Spear             |   154 |   128 |       |       ||   282
       Unarmed           |     3 |       |       |       ||     3
       Long sword        |       |    86 |   351 |    49 ||   486
 Cast: Pain              |    23 |       |    12 |       ||    35
       Vampiric Draining |       |    20 |    47 |    12 ||    79
       Regeneration      |       |     7 |    16 |     7 ||    30
       Shock             |       |       |     1 |       ||     1
 Abil: Bottle Blood      |       |    18 |    41 |     4 ||    63
Evoke: Wand              |       |     3 |    14 |     1 ||    18
  Use: Potion            |     1 |     9 |    37 |     5 ||    52
       Scroll            |       |    14 |     9 |     4 ||    27
 Stab: Sleeping          |    13 |     4 |     7 |       ||    24
       Invisible         |       |     1 |     1 |       ||     2
       Distracted        |       |       |     1 |       ||     1
